 Dungeon Crawl Stone Soup version 0.28.0-43-g3370ac3207 (webtiles) character file.

Game seed: 14608035173521661385

1769 Descartes the Ruffian (level 8, 0/75 HPs)
             Began as a Troll Warper on Mar 4, 2022.
             Was a Believer of Elyvilon.
             Succumbed to a gnoll's poison
             ... on level 6 of the Dungeon.
             The game lasted 00:10:01 (5382 turns).

Descartes the Ruffian (Troll Warper)                Turns: 5382, Time: 00:10:01

Health: 0/75       AC:  5    Str: 20    XL:     8   Next: 80%
Magic:  11/11      EV: 25    Int: 11    God:    Elyvilon [**....]
Gold:   234        SH:  0    Dex:  9    Spells: 13/13 levels left

rFire   . . .      SeeInvis +     - Unarmed
rCold   . . .      Faith    .   (no shield)
rNeg    . . .      Spirit   .   a - +0 robe
rPois   .          Reflect  .   (helmet restricted)
rElec   .          Harm     .   u - +0 cloak
rCorr   .          Rampage  .   (gloves unavailable)
Will    .....                   (boots unavailable)
Stlth   +.........              i - amulet of the acrobat
HPRegen 1.02/turn               A - ring of see invisible
MPRegen 0.12/turn               (no ring)

@: lethally poisoned (0 -> -2), lit by a corona, acrobatic, glowing
A: large, unfitting armour, claws 3, regeneration 1, shaggy fur 1, tough skin 1
a: Renounce Religion, Purification, Heal Other


You were on level 6 of the Dungeon.
You worshipped Elyvilon.
Elyvilon was pleased with you.
You visited 2 branches of the dungeon, and saw 8 of its levels.

You collected 234 gold pieces.

Inventory:

Hand Weapons
 t - a +2 quarterstaff of chaos
Missiles
 c - 5 boomerangs of dispersal (quivered)
 k - 140 stones
 o - 5 javelins
 p - 2 curare-tipped darts
Armour
 a - a +0 robe (worn)
 u - a +0 cloak (worn)
Jewellery
 i - an amulet of the acrobat (around neck)
 y - an amulet of magic regeneration
 A - a ring of see invisible (left claw)
Wands
 z - a wand of paralysis (14)
 D - a wand of flame (25)
Scrolls
 b - a scroll of blinking
 d - a scroll of immolation {unknown}
 f - 4 scrolls of summoning {unknown}
 g - a scroll of fog {unknown}
 h - a scroll of torment {unknown}
 j - 5 scrolls of teleportation {unknown}
 l - 3 scrolls of identify {unknown}
 n - 2 scrolls of amnesia {unknown}
 s - a scroll of magic mapping {unknown}
 v - a scroll of silence {unknown}
 B - a scroll of enchant weapon {unknown}
 E - a scroll of noise {unknown}
Potions
 e - a potion of heal wounds {unknown}
 m - a potion of mutation {unknown}
 q - 2 potions of lignification {unknown}
 r - 2 potions of cancellation {unknown}
 w - 4 potions of curing {unknown}
 x - a potion of haste {unknown}
 C - a potion of resistance {unknown}


   Skills:
 - Level 3.0 Fighting
 - Level 1.0 Throwing
 - Level 2.0 Dodging
 * Level 7.2 Unarmed Combat
 + Level 3.2 Spellcasting
 * Level 5.6 Translocations


You had 13 spell levels left.
You didn't know any spells.
Your spell library contained the following spells:

 Spells                   Type           Power      Damage    Failure   Level
 Blink                    Tloc           28%        N/A       3%          2
 Gell's Gravitas          Tloc           14%        N/A       8%          3
 Lesser Beckoning         Tloc           14%        N/A       8%          3
 Teleport Other           Tloc           14%        N/A       8%          3
 Manifold Assault         Tloc           14%        N/A       56%         5
 Dazzling Flash           Conj/Hex       2%         N/A       61%         3
 Agony                    Necr           1%         N/A       100%        5
 Silence                  Hex/Air        0%         N/A       100%        5


Dungeon Overview and Level Annotations

Branches:
Dungeon (7/15)             Temple (1/1) D:4

Altars:
Ashenzari
Cheibriados
Dithmenos
Elyvilon
Fedhas
Gozag
Hepliaklqana
Kikubaaqudgha
Makhleb
Nemelex Xobeh
Okawaru
Qazlal
Ru
Trog
Uskayaw
Vehumet
Wu Jian
Xom
Yredelemnul
Zin
The Shining One


Innate Abilities, Weirdness & Mutations

You are too large for most types of armour.
You have claws for hands.
Your natural rate of healing is unusually fast.
You are covered in fur. (AC +1)
You have tough skin. (AC +1)


Message History

The gnoll hits you from afar with a +0 spear.
* * * LOW HITPOINT WARNING * * *
The gnoll hits you with a +1 whip of venom.
* * * LOW HITPOINT WARNING * * *
The gnoll barely misses you. The gnoll closely misses you.
There is an open door here.
The gnoll completely misses you.
The gnoll hits you with a +1 whip of venom.
* * * LOW HITPOINT WARNING * * *
You are poisoned.
You feel sick.
You feel sick. The gnoll completely misses you.
You feel sick.
You feel sick.
The gnoll hits you with a +1 whip of venom.
* * * LOW HITPOINT WARNING * * *
You feel sick.
You feel sick. The gnoll hits you but does no damage.
You are more poisoned.
You feel very sick. The gnoll completely misses you.
You feel very sick.
You feel sick. The gnoll completely misses you.
There is a stone staircase leading up here.
You feel sick. The gnoll barely misses you.
The gnoll hits you from afar with a +0 spear.
* * * LOW HITPOINT WARNING * * *
You climb upwards.
You feel sick.
There is a stone staircase leading down here.
You feel sick. The gnoll closely misses you.
You feel sick.
You feel sick.
You feel sick.
You are no longer poisoned.
The gnoll completely misses you.
The gnoll hits you with a +1 whip of venom.
* * * LOW HITPOINT WARNING * * *
You are lethally poisoned!
You die...

#.....####.....#######...######
#.................####........#
#####.....>...................###
#.....#.##....##.............
#.....#.##....##.............
###..##.......##.............
##..####g.................. #
##..#..................... ##
##.#.#..@.##............. .#
###...###..##..>..........
.#######.....# #..#..............
.........##..###.................
..#####..........................
.##........#.###.......###.......
.................................
......######..#..................
......######.....................


You could see a gnoll (fast).

Vanquished Creatures
  3 ice beasts
  An orc warrior (D:5)
  A black bear (D:5)
  The ghost of Lett1 the Covered, an amateur MiFi (D:3)
  A necrophage (D:6)
  3 sky beasts
  A phantom (D:6)
  Blork the orc (D:5)
  A scorpion (D:5)
  2 howler monkeys
  A hound (D:5)
  A centaur skeleton (D:5)
  An orc priest (D:5)
  2 gnoll shamans
  Crazy Yiuf (D:2)
  2 orc wizards
  Natasha (D:2)
  4 iguanas
  Terence (D:2)
  A hound skeleton (D:4)
  3 adders
  6 gnolls
  A shadow imp (D:5)
  3 ufetubi
  An adder skeleton (D:4)
  6 dart slugs
  14 orcs
  4 ball pythons
  3 endoplasms
  3 giant cockroaches
  4 goblins
  5 hobgoblins
  3 jackals (D:2)
  A quokka (D:1)
  5 bats
  6 kobolds
  5 rats
103 creatures vanquished.

Notes
Turn   | Place    | Note
-------+----------+-------------------------------------------
     0 | D:1      | Descartes the Troll Warper began the quest for the Orb.
     0 | D:1      | Reached XP level 1. HP: 19/19 MP: 1/1
   342 | D:1      | Reached skill level 1 in Throwing
   348 | D:1      | Reached XP level 2. HP: 16/28 MP: 2/2
   894 | D:2      | Found a faded altar of an unknown god.
   903 | D:2      | Noticed Terence
  1056 | D:2      | Killed Terence
  1057 | D:2      | Reached XP level 3. HP: 33/35 MP: 4/4
  1130 | D:2      | Noticed Natasha
  1139 | D:2      | Killed Natasha
  1140 | D:2      | Reached skill level 3 in Unarmed Combat
  1140 | D:2      | Reached XP level 4. HP: 32/42 MP: 5/5
  1392 | D:2      | Found a runed translucent door.
  1393 | D:2      | Noticed Crazy Yiuf
  1400 | D:2      | Killed Crazy Yiuf
  1710 | D:3      | Noticed Lett1's ghost (amateur MiFi)
  1726 | D:3      | Found a runed translucent door.
  1977 | D:3      | Reached XP level 5. HP: 31/49 MP: 6/6
  2155 | D:3      | Killed Lett1's ghost
  2203 | D:4      | Found a staircase to the Ecumenical Temple.
  2212 | Temple   | Entered the Ecumenical Temple
  2456 | Temple   | Became a worshipper of Elyvilon the Healer
  2638 | D:4      | Reached skill level 4 in Unarmed Combat
  2638 | D:4      | Reached XP level 6. HP: 59/59 MP: 7/7
  2970 | D:4      | Reached * piety under Elyvilon
  3461 | D:5      | Entered Level 5 of the Dungeon
  3465 | D:5      | Noticed an orc warrior
  3689 | D:4      | HP: 2/59 [orc warrior/+3 scimitar (21)]
  3814 | D:5      | Noticed an ice beast
  3814 | D:5      | Noticed a sky beast
  3820 | D:5      | Killed a sky beast
  3828 | D:5      | Killed an ice beast
  3829 | D:5      | Reached XP level 7. HP: 44/66 MP: 9/9
  4071 | D:5      | Reached skill level 5 in Unarmed Combat
  4191 | D:5      | Noticed Blork the orc
  4206 | D:5      | Killed Blork the orc
  4527 | D:6      | Reached skill level 6 in Unarmed Combat
  4527 | D:6      | Reached XP level 8. HP: 48/75 MP: 9/11
  4778 | D:5      | Reached skill level 5 in Translocations
  5006 | D:6      | Reached ** piety under Elyvilon
  5231 | D:7      | Reached skill level 7 in Unarmed Combat
  5375 | D:6      | HP: 3/75 [poisoned by a gnoll]
  5381 | D:6      | HP: 1/75 [gnoll/+1 whip of venom (4)]
  5382 | D:6      | Succumbed to a gnoll's poison

Illustrated notes

Levels and vault maps discovered:
D:1:      minmay_arrival_widening_spiral_narrow, layout_basic, serial_aquarium,
          aquarium_bridge_island_small [aquarium_subvault_small_open,
          aquarium_subvault_bridge, aquarium_subvault_bridge,
          aquarium_subvault_bridge, aquarium_subvault_wall],
          aquarium_bridge_square [aquarium_subvault_bridge,
          aquarium_subvault_bridge, aquarium_subvault_bridge,
          aquarium_subvault_bridge], aquarium_window_fake, aquarium_window_fake,
          aquarium_window_1, aquarium_view_2e, aquarium_view_2b,
          aquarium_balcony_3a
D:2:      layout_rooms, chequers_ecumenical_altar_island,
          uniq_crazy_yiuf_cottage, uniq_terence, uniq_natasha
D:3:      layout_loops_ring, hellmonk_ghost_happy_afterlife
D:4:      layout_layer_cave, minmay_temple_entry_mini_moons,
          minmay_crystal_water
D:5:      layout_loops_ring, kennysheep_another_room, uniq_blork_the_orc
D:6:      layout_rooms
D:7:      layout_basic
Temple:   mainiacjoe_temple_hex_bubbles

Skill      XL: |  1  2  3  4  5  6  7  8 |
---------------+-------------------------+-----
Throwing       | 1 |  1.0
Dodging        | 2 |  2.0
Fighting       | 2 3 |  3.0
Unarmed Combat | 3 4 6 7 |  7.2
Translocations | 3 4 5 |  5.6
Spellcasting   | 2 3 |  3.2

Action                   |  1- 3 |  4- 6 |  7- 9 || total
-------------------------+-------+-------+-------++-------
Melee: Unarmed           |    61 |   148 |   175 ||   384
       Punch             |     1 |     4 |     8 ||    13
 Stab: Sleeping          |       |     1 |       ||     1
Armor: Robe              |    19 |    36 |    37 ||    92
Dodge: Dodged            |    28 |    83 |   120 ||   231
